details: 'tryhard elf smurf tries to copycat tourney players, gets beaten one handed'

« prev index next »

General information

Mini Map

Players

team 1
NightElfpikaposty (blue | 34 APM | 705 actions | 20:33)
Hero icon 4 Warden
Ability icon 2 Shadow Strike
Ability icon 2 Fan of Knives
Hero icon 1 Priestess of the Moon
Ability icon 1 Trueshot Aura
Hero icon 1 Demon Hunter
Ability icon 1 Mana Burn

» actions
Build / train65
Enter build submenu15
Enter hero's abilities submenu6
Give item / drop item5
Right click302
Select / deselect261
Use ability51
705 total
» units
Wisp16
Archer16
Glaive Thrower2
34 total
» upgrades
Ultravision1
Strength of the Moon2
Moon Armor2
Improved Bows1
Reinforced Hides1
Strength of the Wild1
8 total
» buildings
Altar of Elders1
Moon Well4
Ancient of War2
Hunter's Hall1
Ancient of Wonders3
Ancient Protector2
Tree of Ages1
Tree of Eternity1
Ancient of Wind1
16 total
» build order
00:06 Altar of Elders
00:09 Moon Well
00:57 Ancient of War
02:11 Hunter's Hall
02:16 Moon Well
02:54 Moon Well
03:40 Ancient of Wonders
03:43 Moon Well
05:13 Ancient Protector
05:28 Ancient Protector
05:58 Tree of Ages
06:04 Ancient of War
08:13 Ancient of Wonders
08:27 Ancient of Wonders
12:27 Tree of Eternity
18:47 Ancient of Wind
» items
Scroll of Healing4
Potion of Lesser Invulnerability2
Periapt of Vitality1
Potion of Healing3
Potion of Mana1
Orb of Venom1
12 total
team 2
HumanPEN15ES (yellow | 72 APM | 1490 actions | 20:34)
Hero icon 5 Archmage
Ability icon 3 Blizzard
Ability icon 2 Brilliance Aura
Hero icon 2 Blood Mage
Ability icon 1 Flame Strike
Ability icon 1 Siphon Mana

» actions
Assign group hotkey36
Basic commands84
Build / train102
ESC pressed1
Enter build submenu35
Enter hero's abilities submenu7
Give item / drop item7
Remove unit from queue1
Right click595
Select / deselect390
Select group hotkey94
Use ability138
1490 total
» units
Peasant24
Goblin Shredder1
Goblin Zeppelin2
Dragonhawk Rider2
Gryphon Rider2
31 total
» upgrades
Swords3
Masonry3
Storm Hammers1
Cloud1
Armor1
9 total
» buildings
Altar of Kings2
Farm6
Scout Tower17
Lumber Mill1
Arcane Tower3
Arcane Vault3
Guard Tower12
Town Hall1
Blacksmith1
Keep1
Castle1
Gryphon Aviary3
51 total
» build order
00:04 Altar of Kings
00:08 Farm
00:37 Farm
00:47 Scout Tower
01:05 Farm
01:13 Lumber Mill
01:18 Arcane Tower
01:53 Arcane Vault
01:56 Scout Tower
01:57 Scout Tower
02:44 Guard Tower
03:50 Town Hall
03:53 Scout Tower
03:55 Scout Tower
04:12 Scout Tower
04:15 Scout Tower
04:19 Arcane Tower
04:23 Scout Tower
04:23 Guard Tower
04:55 Guard Tower
05:11 Guard Tower
05:14 Scout Tower
05:50 Farm
05:55 Scout Tower
06:04 Scout Tower
06:05 Scout Tower
06:16 Guard Tower
06:26 Guard Tower
07:05 Guard Tower
07:15 Farm
07:35 Guard Tower
07:38 Blacksmith
07:58 Keep
08:02 Arcane Vault
08:05 Arcane Vault
08:10 Scout Tower
09:01 Guard Tower
09:06 Farm
09:38 Scout Tower
10:29 Castle
12:28 Arcane Tower
12:30 Altar of Kings
12:51 Gryphon Aviary
12:51 Gryphon Aviary
12:52 Gryphon Aviary
13:19 Scout Tower
13:49 Guard Tower
15:39 Scout Tower
15:40 Scout Tower
16:12 Guard Tower
16:59 Guard Tower
» items
Scroll of Regeneration7
Lesser Clarity Potion6
Mechanical Critter4
Staff of Teleportation1
Boots of Speed1
Potion of Invisibility3
Potion of Lesser Invulnerability1
Periapt of Vitality1
Potion of Healing6
Scroll of Town Portal1
Potion of Mana1
Staff of Sanctuary2
Orb of Fire1
35 total